 Dungeon Crawl Stone Soup version 0.31-a0-995-g04711c9635 (webtiles) character file.

Game seed: 16138000777934527310

1 Azuregosa the Sneak (level 1, -2/16 HPs)
             Began as an Octopode Delver on Nov 6, 2023.
             Slain by a scorpion (3 damage)
             ... on level 4 of the Dungeon.
             The game lasted 00:00:57 (78 turns).

Azuregosa the Sneak (Octopode Delver)                 Turns: 78, Time: 00:00:58

Health: -2/16      AC:  1    Str: 11    XL:     1   Next: 20%
Magic:  1/1        EV: 13    Int: 12    God:
Gold:   0          SH:  0    Dex: 13    Spells: 0/0 levels left

rFire   . . .        a - +0 mace
rCold   . . .        (no shield)
rNeg    . . .        (helmet restricted)
rPois   .            (no amulet)
rElec   .            (no ring)
rCorr   .            (no ring)
SInv    .            (no ring)
Will    .....        (no ring)
Stlth   ++++         (no ring)
HPRegen 0.22/turn    (no ring)
MPRegen 0.07/turn    (no ring)
                     (no ring)

%: no passive effects
@: no status effects
A: almost no armour, amphibious, 8 rings, camouflage 1, gelatinous body 1,
(nimble swimmer 1), tentacles
a: no special abilities


You were on level 4 of the Dungeon.
You visited 1 branch of the dungeon, and saw 2 of its levels.

Inventory:

Hand Weapons
 a - a +0 mace (weapon)
Missiles
 c - 8 stones
Wands
 f - a wand of digging (3)
Scrolls
 b - a scroll of fog
 d - a scroll of fear
Potions
 e - a potion of haste
 g - a potion of might {unknown}


   Skills:
 - Level 3.0 Fighting
 - Level 2.0 Maces & Flails
 - Level 2.0 Dodging
 + Level 6.7 Stealth


You couldn't memorise any spells.
You didn't know any spells.
Your spell library was empty.

Dungeon Overview and Level Annotations

Branches:
Dungeon (5/15)
 Temple: D:4-7

Altars:

Annotations:
D:5 Ijyb


Innate Abilities, Weirdness & Mutations

You cannot wear most types of armour.
You are amphibious.
You can wear up to eight rings at the same time.
Your skin changes colour to match your surroundings (Stealth+).
Your rubbery body absorbs attacks. (AC +1, EV +1)
((You are camouflaged when in or above water. (Stealth+)))
You have tentacles for arms and can constrict up to eight enemies at once.


Message History

There is a stone staircase leading down here.
You see here 5 stones.
The helpless kobold fails to defend itself.
You hit the kobold.
You kill the kobold!
c - 5 stones
c - 8 stones (gained 3)
You see here a +0 short sword.
You open the door.
There is an open door here.
Found a quarterstaff.
You enter the shallow water.
You enter the shallow water.
g - a clear potion A scorpion comes into view.
A giant cockroach comes into view.
The helpless scorpion fails to defend itself.
You sock the scorpion! You grab the scorpion.
The scorpion is heavily wounded.
You constrict the scorpion, but do no damage.
The scorpion misses you. The scorpion stings you.
You hit the scorpion but do no damage.
You squeeze the scorpion, but do no damage.
The scorpion is heavily wounded.
You constrict the scorpion. The scorpion misses you.
You barely miss the scorpion. Your squeeze misses the scorpion.
The scorpion is heavily wounded.
You constrict the scorpion. The scorpion stings you.
The giant cockroach misses you. The scorpion barely misses you.
You hit the scorpion but do no damage.
The scorpion is severely wounded.
You constrict the scorpion. The scorpion stings you!
* * * LOW HITPOINT WARNING * * *
The giant cockroach bites you.
* * * LOW HITPOINT WARNING * * *
You hit the scorpion but do no damage.
The scorpion is severely wounded.
You constrict the scorpion. The giant cockroach closely misses you.
The scorpion stings you.
You die...

.....................
...^................$.
.......................
#......................
#......................
#.....................
#.....sB............####
#......@.............)..
#...#########......###.#
# #......# ♣.♣
#......♣♣♣~♣
#.......♣~.♣
#.....♣.♣P~♣
#...♣♣♣♣♣♣~P
#...♣P♣~♣~~~
#....~~~~~~~


You could see a scorpion and a giant cockroach.

Vanquished Creatures
  A kobold (D:4)
1 creature vanquished.

Notes
Turn   | Place    | Note
-------+----------+-------------------------------------------
     0 | D:5      | Azuregosa the Octopode Delver began the quest for the Orb.
     0 | D:5      | Reached XP level 1. HP: 16/16 MP: 1/1
     0 | D:5      | Noticed Ijyb
    67 | D:4      | Noticed a scorpion
    78 | D:4      | Slain by a scorpion

Illustrated notes

Levels and vault maps discovered:
D:4:      layout_basic, minmay_temple_entry_trees,
          serial_library_hellmonk_small_corner, serial_bayou_crossing
D:5:      lemuel_insect_pit, layout_basic, glass_columns_b, uniq_ijyb

Action                     || total
---------------------------++-------
  Melee: Mace              ||     6
         Constrict         ||     1
         Tentacles         ||     1
    Use: Scroll            ||     1
   Stab: Sleeping          ||     2
 Armour: Skin              ||     5
  Dodge: Dodged            ||     5

Table legend: (Time is in decaauts)
 A = Elapsed time spent in this place.
 B = Non-inter-level travel time spent in this place.
 C = Inter-level travel time spent in this place.
 D = Time resting spent in this place.
 E = Time spent auto-exploring this place.
 F = Levels seen in this place.
 G = Mean time per level.
                   A        B        C        D        E       F      G
               +--------+--------+--------+--------+--------+-----+--------+
         Total |     79 |     79 |      0 |      0 |     37 |   2 |   39.5 |
       Dungeon |     79 |     79 |      0 |      0 |     37 |   2 |   39.5 |
               +--------+--------+--------+--------+--------+-----+--------+

Top non-repeatable levels by time:
     D:4: 58 daAuts
     D:5: 21 daAuts
